[Event "CIS Master Groups 2024"]
[Site "Vasto"]
[Date "2024.04.14"]
[Round "10.1"]
[White "Zwirs, Nico"]
[Black "Jianu, Vlad-Cristian"]
[Result "1/2-1/2"]
[ECO "B13"]
[WhiteElo "2480"]
[BlackElo "2491"]
[Annotator "TA"]
[PlyCount "95"]
[EventDate "2024.04.07"]
[EventType "team-tourn"]
[EventCountry "ITA"]
[SourceTitle "playchess.com"]
[Source "ChessBase"]
[SourceQuality "1"]
[TimeControl "40/5400+30:900+30"]

1. e4 c6 2. d4 d5 3. exd5 cxd5 4. Nf3 Nc6 5. c3 Nf6 6. Bd3 Bg4 7. O-O e6 8. Re1 Bd6 9. a4 O-O 10. Bg5 Re8 {[%emt 0:01:09] The position is equal.} 11. Nbd2 Rc8 12. Qb1 {[%emt 0:01:43][%cal Od3h7] Bxh7+! would now be deadly.} h6 13. Bh4 e5 14. dxe5 Nxe5 15. Nxe5 Bxe5 16. Bb5 Re7 17. Qa2 {[%emt 0:02:39] [#]} (17. h3 $11 {keeps the balance.} Bh5 18. Bxf6 Bxf6 19. Rxe7 Bxe7 (19... Qxe7 $2 {perishes.} 20. Qf5 $18) 20. Nb3) 17... Qd6 ({Black should play} 17... d4 $1 $17 18. Nf3 Bxf3 19. gxf3 d3 (19... dxc3 20. bxc3 a6 21. Rad1 $17) 20. Bxf6 Bxf6 21. Rxe7 Bxe7) 18. h3 $15 {[%emt 0:00:53][%cal Oh4f6] Hoping for Bxf6!} Bh5 19. Nf1 (19. g4 $11 Bh2+ 20. Kg2 Rxe1 21. Rxe1) 19... d4 20. cxd4 Bxd4 {[%emt 0:00:00] Strongly threatening ...Rxe1.} (20... Qxd4 $5 21. g4 Bg6 $15) 21. Bg3 Qb4 22. Rxe7 Qxe7 23. Qb3 {[%emt 0:00:39] [#]} (23. Bd3 $1 $15) 23... a5 ({Black should try} 23... Bg6 $1 $17 {aiming for ...Rc2.} 24. Bd3 Bxd3 25. Qxd3 Qe4 (25... Bxb2 26. Rb1 $17) 26. Qxe4 Nxe4) 24. Bf4 $11 Qb4 25. Qxb4 axb4 26. Rc1 Rxc1 27. Bxc1 Ne4 28. Ne3 Nc5 (28... Bg6 $11) 29. Bd2 (29. Nf5 $14 Nb3 30. Bc4 Nxc1 31. Nxd4) 29... b3 30. Bb4 Bg6 {[%emt 0:00:49] Inhibits Nf5.} 31. Ba3 Nd3 32. Bc4 Nxb2 33. Bxb3 Nd3 34. Bd5 b6 35. Bc6 Nc5 36. Bb5 Be4 37. Nc4 Nd3 38. Ne3 g6 39. Kf1 Nc5 40. Kg1 Kg7 41. Bb4 Nd3 42. Bd2 f5 43. a5 bxa5 44. Bxa5 f4 (44... Nxf2 $5 45. Kxf2 f4 $11) 45. Nd1 g5 46. Bxd3 Bxd3 47. Bc3 Bxc3 48. Nxc3 {[%emt 0:00:28] Weighted Error Value: White=0.13 (very precise) /Black=0.15 (very precise) .  Mistake:       	White=4     	Black=3      Inaccurate:     	White=1     	Black=3      OK:         	White=20    	Black=11     Best:        	White=1     	Black=1} 1/2-1/2

[Event "CIS Master Groups 2024"]
[Site "Vasto"]
[Date "2024.04.14"]
[Round "10.2"]
[White "Yao, Stefano"]
[Black "Loiacono, Leonardo"]
[Result "1/2-1/2"]
[ECO "A46"]
[WhiteElo "2289"]
[BlackElo "2309"]
[Annotator "TA"]
[PlyCount "93"]
[EventDate "2024.04.07"]
[EventType "team-tourn"]
[EventCountry "ITA"]
[SourceTitle "playchess.com"]
[Source "ChessBase"]
[SourceQuality "1"]
[TimeControl "40/5400+30:900+30"]

1. d4 e6 2. Nf3 Nf6 3. Bg5 h6 4. Bh4 b6 5. e3 Bb7 6. Bd3 d6 (6... g5 $5 7. Bg3 $8 Bg7 $11) 7. c4 Nbd7 (7... g5 $5 8. Bg3 $8 Nh5 $11) 8. Nc3 Be7 9. h3 Nh5 10. Bxe7 Qxe7 11. O-O O-O 12. Nd2 Nhf6 13. e4 c5 14. d5 e5 15. Nf3 Nh5 16. g3 g6 17. Qd2 Kg7 18. Rae1 {[%emt 0:00:39] White is more active.} Ndf6 19. Nh4 Bc8 20. Kh2 Qd7 $1 21. g4 (21. Rh1 $1 $11) 21... Nf4 $17 22. Rg1 {[%emt 0:01:45] [#]} (22. f3 $17) 22... Qe7 $2 ({Black should try} 22... h5 $1 $19 23. Nf5+ gxf5 24. gxf5+ Kh7) 23. Ng2 $15 Nxg2 (23... g5 {seems wilder.} 24. Ne2 Rh8 25. Ne3 h5) 24. Rxg2 Nh7 25. Rg3 Bd7 26. Ne2 a6 27. Nc3 Rab8 28. a4 Qg5 29. Qxg5 Nxg5 30. h4 Nh7 31. Kg2 Nf6 32. Be2 g5 (32... h5 $11 33. gxh5 Rh8) 33. Rh1 Rh8 34. f3 Ne8 35. Rgh3 {[%emt 0:00:41] [#] Black must now prevent hxg5.} Nc7 36. hxg5 (36. Kg3 $14) 36... hxg5 $11 {[%emt 0:00:27] The position is equal.} 37. Rxh8 Rxh8 38. Rxh8 Kxh8 $14 {[%emt 0:00:27][%mdl 4096] Endgame. KBN-KBN} 39. Kf2 Kg7 40. Ke3 Kf6 41. Kd2 Ke7 42. Kc2 Kd8 43. Kb3 Kc8 44. Ka3 Kb7 45. b3 f6 46. Kb2 Be8 47. Bf1 {[%emt 0:00:30] Weighted Error Value: White=0.20 (precise) /Black=0.19 (very precise) .  Missed win:     	---       	Black=1      Mistake:       	White=3     	Black=1      Inaccurate:     	White=4     	Black=4      OK:         	White=10    	Black=14     Best:        	White=1     	Black=1      Strong:       	---       	Black=1} 1/2-1/2

[Event "CIS Master Groups 2024"]
[Site "Vasto"]
[Date "2024.04.14"]
[Round "10.3"]
[White "Damia, Angelo"]
[Black "Tripodi, Enzo"]
[Result "1-0"]
[ECO "B95"]
[WhiteElo "2234"]
[BlackElo "2152"]
[Annotator "RC"]
[PlyCount "103"]
[EventDate "2024.04.07"]
[EventType "team-tourn"]
[EventCountry "ITA"]
[SourceTitle "playchess.com"]
[Source "ChessBase"]
[SourceQuality "1"]
[TimeControl "40/5400+30:900+30"]

1. e4 c5 2. Nf3 d6 3. d4 cxd4 4. Nxd4 Nf6 5. Nc3 a6 6. Bg5 e6 7. Bc4 Be7 8. Be3 Qc7 9. Bb3 Bd7 10. f3 Nc6 11. Qd2 Na5 12. O-O Nc4 13. Bxc4 Qxc4 14. Nce2 Rc8 15. b3 Qc7 16. c4 O-O 17. Rac1 Rfd8 18. g4 Be8 19. Ng3 Qb8 20. Rfd1 b5 21. cxb5 axb5 22. Qb4 Qb7 23. g5 Nd7 24. Qxb5 Qxb5 25. Nxb5 Ne5 26. Rxc8 Rxc8 27. Nd4 Rc3 28. Nf1 g6 29. h3 Bd8 30. f4 Nc6 31. Ne2 Rc2 32. Rd2 Rxd2 33. Nxd2 Nb4 34. a4 Nc2 35. Bf2 e5 36. h4 Na1 37. fxe5 dxe5 38. Nc1 Bc6 39. Nd3 Ba5 40. b4 Bxb4 41. Nxb4 Bxa4 42. Nc4 Nc2 43. Nxc2 Bxc2 44. Nd6 Kf8 45. Bg3 Ke7 46. Bxe5 Ke6 47. Bf4 f5 48. e5 Bd3 49. Kf2 Kd5 50. Ke3 Ba6 51. Ne8 Kc6 52. Nf6 1-0

[Event "CIS Master Groups 2024"]
[Site "Vasto"]
[Date "2024.04.14"]
[Round "10.4"]
[White "Rotondaro, Alberto"]
[Black "Stromboli, Carlo"]
[Result "0-1"]
[ECO "D35"]
[WhiteElo "2148"]
[BlackElo "2192"]
[Annotator "TA"]
[PlyCount "138"]
[EventDate "2024.04.07"]
[EventType "team-tourn"]
[EventCountry "ITA"]
[SourceTitle "playchess.com"]
[Source "ChessBase"]
[SourceQuality "1"]
[TimeControl "40/5400+30:900+30"]

1. d4 Nf6 2. c4 e6 3. Nc3 d5 4. cxd5 exd5 5. Bg5 a6 6. e3 Be6 7. Bd3 Nbd7 8. h3 Bd6 9. Nge2 b5 10. O-O O-O 11. Qc2 h6 12. Bf4 Nb6 13. Bxd6 cxd6 14. Nf4 Qd7 15. Rfc1 Rfc8 16. Nxe6 fxe6 17. Qe2 Rc7 18. b3 Rac8 19. Qb2 Qe7 20. Ne2 Rc6 21. Rxc6 Rxc6 22. Rc1 Qc7 23. f3 Rxc1+ 24. Qxc1 Qxc1+ 25. Nxc1 Kf7 26. Kf2 Nfd7 27. Ne2 Nb8 28. Nc1 Nc6 29. Ke1 Nb4 30. Bf1 Nd7 31. Kd2 Nc6 32. a4 bxa4 33. bxa4 a5 34. Bb5 Ndb8 35. Nb3 Ke7 36. g4 Kd8 37. Kc3 Kc7 38. h4 Kb6 39. f4 Ne7 40. Kd3 Nbc6 41. g5 (41. Ke2 $14) 41... Nb4+ (41... Nf5 $11) 42. Ke2 Nbc6 43. Kf3 h5 44. Bd3 Nb4 45. Bb5 Nbc6 46. Nd2 Nf5 47. Nb3 Nxh4+ 48. Kf2 Nf5 49. Bxc6 Kxc6 50. Nxa5+ Kb6 51. Nb3 g6 52. a5+ Kb5 53. Kf3 Ne7 54. e4 $1 dxe4+ 55. Kxe4 Nd5 56. f5 ({White must play} 56. Kf3 $1 $15) 56... gxf5+ $17 57. Kf3 {[%emt 0:00:30] [#]} Ne7 $1 58. Kg3 (58. Nd2 $142) 58... Ng6 $17 59. Kh3 $2 (59. Nd2) 59... e5 $19 (59... Ka4 $2 60. a6 Kxb3 61. a7 Nf4+ 62. Kg3 (62. Kh2 Kc3 $18) 62... Ne2+ 63. Kh4 $18) 60. Kg3 e4 61. d5 f4+ 62. Kf2 h4 63. Kg2 f3+ 64. Kh2 Nf4 (64... Kc4 65. a6 f2 (65... Kxb3 66. a7 $11) 66. a7 Kxb3 (66... f1=R $2 67. Nd2+ Kd4 68. Nxf1 $18) 67. a8=Q $11) (64... f2 $142 65. Kg2 e3 66. Kf1 h3 67. Nd4+ Kxa5 68. Nf5 h2 69. Ng3 Nf4 70. Nh1 Kb5 (70... Nxd5 $2 71. g6 $19) 71. Ng3 Kc4 (71... Nxd5 $2 72. g6 $19) 72. g6 Nxg6 (72... Kxd5 $2 73. g7 $18) 73. Ke2 Kxd5 74. Kxe3 h1=Q 75. Nxh1 f1=Q (75... f1=R 76. Ng3 $19) 76. Ng3 Qf4+ 77. Ke2 Qxg3 78. Kd2 Ne5 79. Ke2 Nc4 80. Kf1 Qf3+ 81. Kg1 Ne3 82. Kh2 Qg2#) 65. Nd2 $19 f2 ({Stronger than} 65... Kxa5 66. Nxe4 Kb6 (66... Nxd5 67. Kh3 $11) 67. Kg1 $11) 66. g6 Nxg6 67. Kg2 e3 ({Worse is} 67... Kxa5 68. Nxe4 Nf4+ 69. Kxf2 $11) 68. Nf1 Nf4+ ({Not} 68... Kxa5 69. Nxe3 Nf4+ 70. Kxf2 $11) 69. Kf3 Nxd5 0-1

[Event "CIS Master Groups 2024"]
[Site "Vasto"]
[Date "2024.04.14"]
[Round "11.1"]
[White "Saric, Ivan"]
[Black "Shevchenko, Kirill"]
[Result "1-0"]
[ECO "D73"]
[WhiteElo "2670"]
[BlackElo "2675"]
[Annotator "TA"]
[PlyCount "65"]
[EventDate "2024.04.07"]
[EventType "team-tourn"]
[EventCountry "ITA"]
[SourceTitle "playchess.com"]
[Source "ChessBase"]
[SourceQuality "1"]
[TimeControl "40/5400+30:900+30"]

1. Nf3 d5 2. g3 g6 3. Bg2 Bg7 4. d4 Nf6 5. c4 c6 6. cxd5 cxd5 7. Nc3 Ne4 8. Qb3 Nxc3 9. bxc3 O-O {[%emt 0:09:57] The position is equal.} 10. Nd2 e6 11. e4 Nc6 12. Ba3 Re8 13. e5 Na5 14. Qd1 b6 15. h4 f6 ({Black should try} 15... Ba6 $11) 16. exf6 $14 Qxf6 17. O-O Bb7 18. Bd6 Qd8 (18... Rac8 $11 {remains equal.}) 19. Bf4 $16 e5 20. Bxe5 Bxe5 21. dxe5 Rxe5 22. Nf3 Re8 23. Ng5 Qd6 24. Qd3 $40 {[%emt 0:04:10][%mdl 128] White has strong attack.} (24. Qg4 {simplifies} Re7 25. Rfe1 Rae8 26. Rxe7 Qxe7 27. Rd1) 24... Qe5 $2 {[%emt 0:02:28][%mdl 8192] [#] Black cannot hold the game after this.} (24... Re5 $16 {was worth a try.}) 25. Rae1 $1 $18 Qf5 (25... Qd6 26. Qd4) 26. Qd4 Rad8 27. Bh3 Nc6 28. Qd2 Qf6 29. Rxe8+ Rxe8 30. Qxd5+ Kg7 31. Rd1 Ba8 $2 {[%emt 0:04:21] [#]} (31... h6) 32. Qd7+ Qe7 33. Bg2 {[%emt 0:01:48] Weighted Error Value: White=0.26 (precise) /Black=0.67.  Loses game:     	---       	Black=1      Mistake:       	---       	Black=3      Inaccurate:     	White=2     	---        OK:         	White=11    	Black=7      Best:        	White=3     	Black=2} 1-0

[Event "CIS Master Groups 2024"]
[Site "Vasto"]
[Date "2024.04.14"]
[Round "11.2"]
[White "Lodici, Lorenzo"]
[Black "Brunello, Sabino"]
[Result "1-0"]
[ECO "B48"]
[WhiteElo "2565"]
[BlackElo "2515"]
[Annotator "RC"]
[PlyCount "71"]
[EventDate "2024.04.07"]
[EventType "team-tourn"]
[EventCountry "ITA"]
[SourceTitle "playchess.com"]
[Source "ChessBase"]
[SourceQuality "1"]
[TimeControl "40/5400+30:900+30"]

1. e4 c5 2. Nf3 e6 3. d4 cxd4 4. Nxd4 Nc6 5. Nc3 Qc7 6. Be3 a6 7. a3 b5 8. Nxc6 Qxc6 9. h4 Rb8 10. Qd2 Nf6 11. Bd4 b4 12. axb4 Rxb4 13. O-O-O Bc5 14. Bxc5 Qxc5 15. f3 O-O 16. g4 d5 17. g5 Nh5 18. exd5 Bd7 19. dxe6 Bxe6 20. Qd6 Qe3+ 21. Rd2 Rfb8 22. Bb5 Qf4 23. Rhd1 h6 24. Qxb8+ Qxb8 25. Rd8+ Qxd8 26. Rxd8+ Kh7 27. Bd3+ g6 28. Ne4 Bf5 29. Ra8 Bxe4 30. fxe4 Nf4 31. Rxa6 Rb7 32. Bc4 Ng2 33. Bd5 Re7 34. b4 Nxh4 35. b5 hxg5 36. b6 1-0

[Event "CIS Master Groups 2024"]
[Site "Vasto"]
[Date "2024.04.14"]
[Round "11.3"]
[White "Dvirnyy, Danyyil"]
[Black "Barp, Alberto"]
[Result "1/2-1/2"]
[ECO "C78"]
[WhiteElo "2480"]
[BlackElo "2470"]
[Annotator "TA"]
[PlyCount "23"]
[EventDate "2024.04.07"]
[EventType "team-tourn"]
[EventCountry "ITA"]
[SourceTitle "playchess.com"]
[Source "ChessBase"]
[SourceQuality "1"]
[TimeControl "40/5400+30:900+30"]

1. e4 e5 2. Nf3 Nc6 3. Bb5 a6 4. Ba4 Nf6 5. O-O b5 6. Bb3 Bc5 7. a4 Rb8 8. c3 d6 9. d4 Bb6 10. axb5 {[%emt 0:15:05] White is slightly better.} axb5 11. Qd3 Bd7 12. Bg5 {[%emt 0:02:22] Inaccurate:     	White=1     	---        OK:         	---       	Black=1} (12. Qxb5 $2 {is the wrong capture.} Nxd4 $19 (12... exd4 13. Qd3 $15) (12... exd4 13. Qd3 $15)) 1/2-1/2

[Event "CIS Master Groups 2024"]
[Site "Vasto"]
[Date "2024.04.14"]
[Round "11.4"]
[White "Cappelletto, Joshuaede"]
[Black "Gilevych, Artem"]
[Result "1/2-1/2"]
[ECO "C18"]
[WhiteElo "2306"]
[BlackElo "2417"]
[Annotator "TA"]
[PlyCount "83"]
[EventDate "2024.04.07"]
[EventType "team-tourn"]
[EventCountry "ITA"]
[SourceTitle "playchess.com"]
[Source "ChessBase"]
[SourceQuality "1"]
[TimeControl "40/5400+30:900+30"]

1. e4 e6 2. d4 d5 3. Nc3 Bb4 4. e5 c5 5. a3 Bxc3+ 6. bxc3 Qc7 7. Qg4 f6 8. Qg3 Nc6 9. Nf3 c4 {[%emt 0:01:53] Prevents Bd3.} 10. a4 {[%emt 0:06:15] White has an edge.} Qf7 11. Be2 Nge7 12. O-O Bd7 13. Ba3 (13. exf6 $14 gxf6 14. Qc7) 13... Nf5 $11 14. Qh3 O-O-O 15. Nh4 Nxh4 16. Qxh4 fxe5 17. dxe5 Qf5 {[%emt 0:00:59] Prevents Qg5} 18. f4 Qxc2 (18... g5 $1 $15 19. Qf2 (19. Qxg5 Qxc2 20. Qh5 Qxc3 $17) (19. fxg5 Qxe5 20. Qf2 Rdg8 $15) 19... h5) 19. Qe1 Rhg8 (19... Qf5 $11 {was preferrable.}) 20. Bd1 {[%emt 0:04:33][%mdl 1024] White has compensation.} Qd3 (20... Qf5 $11 {keeps the balance.}) 21. Rf3 Qf5 22. Qf2 {[%emt 0:00:42] And now Bd6 would win.} h6 $2 {[%emt 0:07:23] [#]} (22... g5 $14) 23. a5 Kb8 $16 24. Bc5 $36 {[%emt 0:02:07][%mdl 2048] a6 would now be deadly. Black is under pressure.} Ka8 $1 25. Bc2 ({White should play} 25. Ba4 $1 $16) 25... Qf7 $1 $11 26. Ba4 {[%emt 0:00:51] Black is weak on the dark squares} (26. Bd6 {feels hotter.} Ne7 27. Qc5 Rc8 28. Qb4) 26... Be8 27. Bxc6 Bxc6 28. Qd4 g5 (28... a6 $14) 29. Bxa7 $16 {[%emt 0:03:16] White is more active.} gxf4 30. Bb6 (30. Rxf4 $142 Qg6 31. g3) 30... Qg6 31. Rf2 Rd7 (31... Rdf8 32. a6 Rf5 33. Qc5 (33. Rxf4 $2 Qxg2#) (33. axb7+ Kb8 34. Qc5 Qxg2+ 35. Rxg2 Rxg2+ 36. Kxg2 Rg5+ 37. Kf3 Rg3+ 38. hxg3 Kxb7 39. Ra7+ Kc8 40. Qxc6+ Kb8 41. Qe8#) (33. Rxf4 $2 Qxg2#) (33. axb7+ Kb8 34. Qc5 Qxg2+ 35. Rxg2 Rxg2+ 36. Kxg2 Rg5+ 37. Kf3 Rg3+ 38. hxg3 Kxb7 39. Ra7+ Kc8 40. Qxc6+ Kb8 41. Qe8#)) 32. a6 Qe4 {[%emt 0:00:57] [#]} 33. axb7+ $1 (33. Rxf4 $2 Qxg2#) 33... Kxb7 {[%emt 0:00:00] [#]} 34. Ra7+ {[%emt 0:02:55] Really sharp!} (34. Rb2 $1 $16 {[%cal Ob6c7] Bc7+! would kill now.} Qe3+ 35. Qxe3 fxe3 36. Bxe3+ Kc7 37. Bb6+ (37. Bxh6 d4 $11) 37... Kc8 38. Bd4) 34... Kc8 $11 {[%emt 0:00:23][%cal Bb7c8,Bc8d7,Bd7e7][%mdl 32] The position is equal.} 35. Qxe4 dxe4 36. Rxd7 Kxd7 37. Rxf4 {[%emt 0:00:06] KRB-KRB} Rb8 ({Much worse is} 37... e3 38. g3 $14) 38. Bd4 Rb1+ 39. Rf1 Rxf1+ 40. Kxf1 Ke7 41. Kf2 Kf7 42. Ke3 {[%emt 0:00:15] Black escapes into a draw.   Weighted Error Value: White=0.21 (precise) /Black=0.17 (very precise) .  Mistake:       	White=5     	Black=5      Inaccurate:     	White=1     	---        OK:         	White=15    	Black=12     Best:        	White=1     	Black=4      Strong:       	White=1     	Black=2} 1/2-1/2

[Event "CIS Master Groups 2024"]
[Site "Vasto"]
[Date "2024.04.14"]
[Round "11.5"]
[White "Stella, Andrea"]
[Black "Fier, Alexandr"]
[Result "1/2-1/2"]
[ECO "E32"]
[WhiteElo "2403"]
[BlackElo "2566"]
[Annotator "TA"]
[PlyCount "121"]
[EventDate "2024.04.07"]
[EventType "team-tourn"]
[EventCountry "ITA"]
[SourceTitle "playchess.com"]
[Source "ChessBase"]
[SourceQuality "1"]
[TimeControl "40/5400+30:900+30"]

1. d4 Nf6 2. c4 e6 3. Nc3 Bb4 4. Qc2 O-O 5. e4 d6 6. e5 Nfd7 7. exd6 cxd6 8. Bd3 Nc6 9. Nge2 e5 10. O-O exd4 11. Nd5 Nde5 12. Bxh7+ Kh8 13. Bd3 Bc5 14. f4 Nxd3 15. Qxd3 Qh4 16. b4 {[%emt 0:12:30] [#]} Bf5 (16... Nxb4 $1 $15 {was preferrable.} 17. Nxb4 Bf5 (17... Bxb4 18. Bb2 $11)) 17. Qxf5 d3+ 18. Be3 Bxe3+ 19. Nxe3 dxe2 20. Rfe1 Rae8 (20... Nxb4 21. g3 (21. Rxe2 Rae8 $11) 21... Qh7 (21... g6 $2 22. Qb5 $18) 22. Qxh7+ (22. Rxe2 Rae8 $14) 22... Kxh7 23. Rab1 $14 (23. Rxe2 Rfe8 $14)) 21. Nd5 (21. Rxe2 $2 Nd4 (21... Nxb4 22. Rd1 $14) 22. Qd3 Nxe2+ 23. Qxe2 Qxf4 24. Qh5+ Kg8 $19) 21... Ne7 22. Nxe7 Rxe7 23. Qg5 Qxg5 24. fxg5 Rc8 25. Rac1 d5 26. Rc2 (26. Kf2 {simplifies} dxc4 27. Rxe2 Rec7 28. h4) 26... Rxc4 27. Rcxe2 Rxe2 28. Rxe2 Rxb4 29. Re7 Kg8 30. Kf2 (30. a3 $15 Kf8 31. Rd7) 30... a5 $17 31. a4 b6 32. Rb7 Kh7 $1 33. Rxf7 Rxa4 34. Rb7 Rb4 35. h4 Kg6 (35... Rxh4 36. Rxb6 Rb4 37. Ra6 $15) (35... d4 $1 $17 {...a4 would now be deadly.} 36. h5 Rb5) 36. g4 $1 $11 Rxg4 37. Rxb6+ Kh5 38. Rb7 Kg6 39. Rb6+ Kf5 40. Rb5 Ke4 41. Rxa5 Rxh4 42. Ra7 $2 (42. Kg3 $11 Rh1 43. Ra7) 42... g6 $19 43. Ra4+ (43. Kg3 $142 Rh1 44. Rd7) 43... d4 $19 44. Ra6 Kf5 45. Ra5+ (45. Kg3 $142 Re4 (45... Kxg5 46. Ra5+ Kf6 47. Kxh4 Ke7 48. Kg3 Ke6 49. Kf4 d3 50. Re5+ Kd6 51. Ke4) 46. Rd6) 45... Kf4 $1 $19 46. Rd5 Ke4 (46... Rh2+ $142 47. Kg1 Rd2) 47. Rd6 $19 Kf5 $2 (47... Rf4+ $1 $19 48. Ke2 Rg4 (48... Kf5 49. Rd5+ Ke4 50. Rd6 $11) 49. Rxg6 Rg2+ 50. Kf1 Rg4) 48. Rd5+ {[%emt 0:00:00] [#]} (48. Kg3 $11 Re4 (48... Kxg5 49. Rd5+ Kf6 50. Kxh4 Ke6 51. Rxd4 Ke5 52. Rb4 Kf5 53. Ra4 g5+ 54. Kh5) 49. Kf3) 48... Ke6 $1 $17 ({Reject} 48... Ke4 $6 49. Rd6 $11) 49. Ra5 {[%emt 0:02:15] [#]} Re4 (49... Rh3 $1 $17) 50. Kf3 $15 Re1 51. Ra6+ $2 (51. Kf2 $1 $15 Re3 52. Ra6+ Kf5 53. Rd6) 51... Ke5 $2 (51... Kf5 $19 52. Rd6 Ke5 (52... Kxg5 53. Rd5+ Kh4 54. Rxd4+ Kh3 55. Kf2 $11)) 52. Kf2 $11 Re4 53. Rxg6 d3 54. Rg8 Kd4 55. g6 Re2+ 56. Kf1 Re7 57. g7 Ke5 58. Ke1 Kf6+ 59. Kd2 Rxg7 60. Rxg7 Kxg7 61. Ke1 1/2-1/2

[Event "CIS Master Groups 2024"]
[Site "Vasto"]
[Date "2024.04.14"]
[Round "11.6"]
[White "Iermito, Sebastian"]
[Black "Dardha, Daniel"]
[Result "1/2-1/2"]
[ECO "B30"]
[WhiteElo "2511"]
[BlackElo "2630"]
[Annotator "TA"]
[PlyCount "61"]
[EventDate "2024.04.07"]
[EventType "team-tourn"]
[EventCountry "ITA"]
[SourceTitle "playchess.com"]
[Source "ChessBase"]
[SourceQuality "1"]
[TimeControl "40/5400+30:900+30"]

1. e4 c5 2. Nf3 Nc6 3. Bc4 e6 4. O-O Nf6 5. Re1 d5 6. exd5 Nxd5 7. d4 cxd4 8. Nxd4 Be7 9. Nxc6 bxc6 10. Nd2 O-O 11. Nf3 Bb7 12. Qe2 (12. Ne5 {is interesting.} Bd6 13. Qh5 Qc7 14. Bd3) 12... c5 13. c3 Qc7 14. Ne5 Bd6 15. Bd3 {[%emt 0:11:58] [#]} c4 $1 16. Bc2 Rad8 17. h4 Nb6 18. h5 f6 19. Nf3 Rfe8 20. Be3 Nd5 21. Rad1 Qf7 22. Qxc4 ({But not} 22. Bxa7 Nf4 (22... Qxh5 23. Qxc4 g5 24. Bc5 $11) 23. Qe3 Qxh5 $17 (23... Nxh5 24. Ba4 $16) (23... Bxf3 24. Qxf3 Qxa7 25. Rxd6 $11)) 22... Qxh5 23. Qh4 Qxh4 24. Nxh4 Nxe3 25. Rxe3 Bc5 {[%emt 0:02:49] A strong pair of Bishops.} 26. Red3 Rxd3 27. Rxd3 {[%emt 0:00:06] The position is equal.} g5 28. Nf3 g4 29. Nd4 Be4 30. Rg3 Bxc2 31. Nxc2 {[%emt 0:00:04] An even fight not without its subleties.   Weighted Error Value: White=0.08 (flawless) /Black=0.06 (flawless) .  Inaccurate:     	White=3     	Black=1      OK:         	White=8     	Black=11     Best:        	---       	Black=1} 1/2-1/2

[Event "CIS Master Groups 2024"]
[Site "Vasto"]
[Date "2024.04.14"]
[Round "11.7"]
[White "Basso, Pier Luigi"]
[Black "Godena, Michele"]
[Result "1/2-1/2"]
[ECO "D26"]
[WhiteElo "2507"]
[BlackElo "2429"]
[Annotator "TA"]
[PlyCount "83"]
[EventDate "2024.04.07"]
[EventType "team-tourn"]
[EventCountry "ITA"]
[SourceTitle "playchess.com"]
[Source "ChessBase"]
[SourceQuality "1"]
[TimeControl "40/5400+30:900+30"]

1. d4 d5 2. c4 dxc4 3. Nf3 Nf6 4. e3 a6 5. Bxc4 b5 6. Bd3 Bb7 7. O-O e6 8. Qe2 Nbd7 9. a4 Be7 10. axb5 {[%emt 0:03:12] White has an edge.} axb5 11. Rxa8 Qxa8 12. Bxb5 O-O 13. Nc3 c5 14. Rd1 cxd4 15. exd4 (15. Nxd4 $14 Ne5 (15... Bxg2 $2 {loses.} 16. Bxd7 Nxd7 17. e4 $18) 16. f3) 15... Bxf3 16. Qxf3 Qxf3 17. gxf3 Nb6 18. Be3 Rb8 19. Bf4 Ra8 20. Bc6 {[%emt 0:01:38] This pair of bishops is nice.} Rc8 21. d5 exd5 22. Nxd5 Nfxd5 23. Bxd5 g5 24. Be3 Nxd5 25. Rxd5 $14 {[%emt 0:00:09][%mdl 4096] Endgame. KRB-KRB} Rb8 26. Bd4 f6 27. Rd7 Kf8 28. Kg2 Rb5 29. Kf1 Kf7 30. Ke2 Ke6 31. Ra7 h5 32. h3 Bd6 33. Ra6 Ke7 34. Kd3 Rf5 35. Ke3 Be5 36. Bc5+ Kd7 37. b4 (37. Ke4 $5 Rf4+ $8 38. Kd5 $11) 37... Rf4 38. Ke2 Rh4 39. b5 Rxh3 40. Ra7+ Ke6 41. b6 {[%emt 0:17:50] [#] Strongly threatening Re7+.} Rh1 $1 42. Be3 {[%emt 0:00:00] Weighted Error Value: White=0.08 (flawless) /Black=0.04 (flawless) .  Mistake:       	White=1     	---        Inaccurate:     	White=2     	Black=1      OK:         	White=17    	Black=16     Best:        	---       	Black=2      Strong:       	---       	Black=1} 1/2-1/2